Map: 10000 Feet LE

Players

Sebastian

  • Race: Terran Terran
  • Spawn Location: 5:00

Timoshka - Winner!

  • Race: Protoss Protoss
  • League: Master
  • Spawn Location: 11:00

VOD

Have the link to the VOD?

Description

Time

  • Played on: Feb. 2, 2026, 1:16 p.m.
  • Length: 7:52
Show
View Real Time Build Order
Export as new Build Order

Sebastian Terran 

Build Orders:  

Get SALT Encoding   

  12  0:16  SCV  
  13  0:22  Supply Depot  
  13  0:28  SCV  
  13  0:29  Refinery  
  14  0:40  SCV  
  15  0:52  SCV  
  16  0:58  Barracks  
  16  1:05  SCV, Refinery  
  17  1:17  SCV  
  18  1:29  SCV  
  19  1:41  SCV  
  20  1:50  Command Center  
  20  1:57  Bunker  
  20  2:00  Barracks Reactor  
  20  2:02  SCV  
  21  2:20  Factory  
  21  2:21  SCV  
  22  2:33  SCV  
  23  2:46  Supply Depot  
  23  3:02  Marine x2, SCV  
  26  3:10  Supply Depot  
  26  3:11  SCV  
  27  3:13  Factory Tech Lab  
  27  3:19  Marine x2  
  27  3:21  SCV  
  27  3:23  SCV  
  31  3:36  SCV  
  31  3:37  Marine x2, Siege Tank  
  37  3:48  SCV  
  38  3:55  Marine x2  
  38  3:56  Bunker  
  40  4:04  SCV  
  40  4:09  Siege Tank  
  44  4:15  Marine  
  44  4:16  Marine, SCV  
  47  4:29  SCV  
  48  4:33  Marine  
  48  4:36  Supply Depot  
  49  4:41  SCV, Siege Tank  
  53  4:53  SCV  
  54  5:00  Supply Depot  
  54  5:05  SCV  
  55  5:14  Siege Tank  
  58  5:17  SCV  
  59  5:22  Engineering Bay, Supply Depot  
  59  5:29  SCV  
  60  5:38  Starport  
  60  5:39  Starport  
  60  5:48  Armory  
  60  6:00  Command Center  
  60  6:03  SCV  
  61  6:07  Refinery  
  61  6:10  Refinery  
  61  6:15  SCV  
  62  6:19  Orbital Command  
  62  6:22  Starport Tech Lab  
  62  6:23  Starport Tech Lab  
  62  6:27  SCV  
  62  6:30  Fusion Core  
  63  6:39  SCV  
  59  6:48  Missile Turret  
  59  6:51  SCV  
  41  7:11  Marine x2  
  41  7:29  Marine x2  
Show
View Real Time Build Order
Export as new Build Order

Timoshka Protoss - Winner!

Build Orders:  

Get SALT Encoding   

  1  0:00  Probe  
  13  0:13  Probe  
  13  0:17  Pylon  
  14  0:25  Probe  
  15  0:36  Gateway  
  15  0:40  Probe  
  16  0:45  Assimilator  
  16  0:53  Probe  
  17  1:05  Probe  
  17  1:08  Pylon  
  18  1:12  Gateway  
  18  1:13  Probe  
  19  1:22  Probe  
  20  1:37  Cybernetics Core  
  20  1:38  Probe  
  21  1:48  Assimilator  
  21  1:54  Pylon  
  21  2:01  Probe  
  22  2:09  Probe  
  23  2:15  Warp Gate  
  23  2:18  Adept  
  25  2:23  Zealot  
  25  2:29  Robotics Facility  
  27  2:34  Probe  
  28  2:48  Shield Battery  
  28  2:50  Probe  
  29  2:55  Pylon  
  31  2:58  Zealot  
  31  3:06  Twilight Council  
  31  3:11  Adept  
  33  3:17  Immortal  
  37  3:36  Forge  
  37  3:42  Pylon  
  37  3:43  Charge  
  37  3:46  Zealot  
  37  3:48  Zealot  
  41  4:00  Warp Prism  
  43  4:11  Pylon  
  43  4:15  Zealot  
  45  4:26  Zealot  
  47  4:39  Immortal  
  51  4:59  Zealot x2  
  55  5:27  Nexus  
  55  5:30  Sentry  
  55  5:31  Zealot  
  57  6:00  Zealot x2  
  61  6:09  Probe  
  62  6:15  Pylon  
  62  6:16  Pylon  
  62  6:21  Probe  
  63  6:33  Probe  
  63  6:34  Zealot x2  
  68  6:45  Probe  
  67  6:58  Probe  
  68  7:04  Zealot x2  
  66  7:30  Zealot  
  66  7:49  Zealot  
Tags
 
League
Master
Matchup
ПvТ
Spawn Locations
Cross Positions
Add a new tag
Caveats
  • Supply blocks, unpowered buildings, or Contaminate may cause inaccurate times.
  • Supply counts are checked every 10 seconds.